 Dungeon Crawl Stone Soup version 0.23-a0-681-g26ad783 (webtiles) character file.

2664 gruber the Magician (level 9, 0/71 HPs)
             Began as a Gnoll Skald on Jan 10, 2019.
             Was an Initiate of Okawaru.
             Killed from afar by a gargoyle (12 damage)
             ... with a stone arrow
             ... on level 7 of the Dungeon.
             The game lasted 00:13:23 (6365 turns).

gruber the Magician (Gnoll Skald)                   Turns: 6365, Time: 00:13:24

Health: 0/71       AC:  6    Str: 13    XL:     9   Next: 63%
Magic:  0/28       EV: 16    Int: 19    God:    Okawaru [......]
Gold:   316        SH:  0    Dex: 15    Spells: 12/21 levels left

rFire    + . .     SeeInvis .   c - +0 trident
rCold    + + .     Gourm    .   (no shield)
rNeg     . . .     Faith    .   F - +2 robe {rC+ rF+}
rPois    .         Spirit   +   q - +0 helmet
rElec    .         Reflect  .   w - +0 cloak
rCorr    .         Harm     .   (no gloves)
MR       .....                  (no boots)
Stlth    +++.......             s - amulet of guardian spirit
HPRegen  1.21/turn              a - ring of protection from cold
MPRegen  0.21/turn              A - ring of magical power

@: shrouded, infused, regenerating
A: distributed training, fangs 1, strong nose
a: Renounce Religion


You were on level 7 of the Dungeon.
You worshipped Okawaru.
Okawaru was noncommittal.
You were hungry.

You visited 2 branches of the dungeon, and saw 8 of its levels.

You collected 316 gold pieces.

Inventory:

Hand Weapons
 c - a +0 trident (weapon)
 k - a +0 lajatang
 E - a cursed +5 halberd
Missiles
 n - 6 tomahawks (quivered)
Armour
 b - a +0 leather armour
 q - a +0 helmet (worn)
 w - a +0 cloak (worn)
 B - a +0 ring mail of poison resistance
 F - a +2 robe of resistance (worn)
Jewellery
 a - a ring of protection from cold (left hand)
 s - an amulet of guardian spirit (around neck)
 A - a ring of magical power (right hand)
 H - an uncursed ring of resist corrosion
Wands
 z - a wand of disintegration (12)
 C - a wand of iceblast (6)
 K - a wand of acid (6)
 M - a wand of polymorph (11)
Scrolls
 g - 2 scrolls of remove curse
 i - a scroll of fear
 r - a scroll of random uselessness {unknown}
 t - a scroll of magic mapping {unknown}
 v - 2 scrolls of identify
 x - 5 scrolls of teleportation {unknown}
 y - a scroll of amnesia {unknown}
 D - a scroll of immolation {unknown}
 J - a scroll of summoning {unknown}
 N - a scroll of enchant armour {unknown}
Potions
 e - 3 potions of degeneration
 f - 2 potions of might {unknown}
 h - 2 potions of flight {unknown}
 j - 2 potions of lignification {unknown}
 l - a potion of heal wounds {unknown}
 m - a potion of brilliance {unknown}
 o - 2 potions of haste {unknown}
 p - 3 potions of magic {unknown}
 u - a potion of berserk rage {unknown}
 G - a potion of agility
 I - 3 potions of invisibility {unknown}
 L - a potion of cancellation {unknown}
Comestibles
 d - 7 rations


   Skills:
 + Level 6.4 Fighting
 + Level 4.3 Short Blades
 + Level 4.3 Long Blades
 + Level 4.3 Axes
 + Level 4.3 Maces & Flails
 + Level 6.4 Polearms
 + Level 4.3 Staves
 + Level 4.3 Slings
 + Level 4.3 Bows
 + Level 4.3 Crossbows
 + Level 4.3 Throwing
 + Level 5.1 Armour
 + Level 6.4 Dodging
 + Level 4.3 Stealth
 + Level 4.3 Shields
 + Level 4.3 Unarmed Combat
 + Level 6.7 Spellcasting
 + Level 3.6 Conjurations
 + Level 3.6 Hexes
 + Level 6.6 Charms
 + Level 3.6 Summonings
 + Level 3.6 Necromancy
 + Level 3.6 Translocations
 + Level 3.6 Transmutations
 + Level 3.6 Fire Magic
 + Level 3.6 Ice Magic
 + Level 3.6 Air Magic
 + Level 3.6 Earth Magic
 + Level 3.6 Poison Magic
 + Level 4.8 Invocations
 + Level 4.3 Evocations


You had 12 spell levels left.
You knew the following spells:

 Your Spells              Type           Power        Failure   Level  Hunger
a - Infusion              Chrm           ####         1%          1    None
b - Shroud of Golubria    Chrm/Tloc      ####......   1%          2    None
c - Regeneration          Chrm/Necr      ####......   3%          3    ##.....
d - Spectral Weapon       Hex/Chrm       ####....     3%          3    ##.....

Your spell library contained the following spells:

 Spells                   Type           Power        Failure   Level  Hunger
 Song of Slaying          Chrm           ####....     1%          2    None


Dungeon Overview and Level Annotations

Branches:
Dungeon (7/15)             Temple (1/1) D:7

Altars:
Ashenzari
Cheibriados
Dithmenos
Elyvilon
Fedhas
Gozag
Kikubaaqudgha
Nemelex Xobeh
Okawaru
Qazlal
Sif Muna
Trog
Uskayaw
Vehumet
Xom
Yredelemnul
Zin
The Shining One

Shops:
D:4 *


Innate Abilities, Weirdness & Mutations

Your experience applies equally to all skills.
You have very sharp teeth.
Your uncanny sense of smell can sniff out nearby items.


Message History

The gargoyle hurls a stone arrow at you.
The stone arrow hits you!
Attack whom?
Press: ? - help, Dir - move target cursor, f/p - gargoyle
Aim: a gargoyle, wielding a +0 morningstar (heavily damaged)
You hit the gargoyle but do no damage.
You bite the gargoyle, but do no damage.
The gargoyle is heavily damaged.
The gargoyle hurls a stone arrow at you.
The stone arrow hits you!
* * * LOW HITPOINT WARNING * * *
Attack whom?
Press: ? - help, Dir - move target cursor, f/p - gargoyle
Aim: a gargoyle, wielding a +0 morningstar (heavily damaged)
You hit the gargoyle.
You punch the gargoyle, but do no damage.
The gargoyle is heavily damaged.
The gargoyle hurls a stone arrow at you.
The stone arrow hits you!
You die...

#.#....##.######..
#.#....##......#..
#.#.#......###.#..
#.#.##.###.###.#..
#.#.##..##.##.....
#######.#.#.......#..#.#
........#.#.#...#....#.#
......9......#.#........
#@###...>.........
#..##..#.#...###.# ∆
#..#..#...#....#+# #####
#............#.... #...#
#.#.##.###.#.#.... #...#
#.#..#.# #.#.#.... #...#
#.##.#.# #.#.#....
#...####.##...#
#.#.#....
#..(((...#...)#
#.#.#.#+#


You could see a gargoyle.

Vanquished Creatures
  Grinder (D:6)
  Sigmund (D:6)
  Eustachio (D:6)
  2 sky beasts (D:5)
  2 phantoms
  5 ogres
  A centaur (D:7)
  2 scorpions
  4 wights (D:6)
  A howler monkey (D:5)
  6 crimson imps
  A centaur zombie (D:6)
  A bullfrog zombie (D:7)
  5 hounds
  4 orc wizards
  A centaur skeleton (D:4)
  Terence (D:3)
  4 worker ants
  A hound zombie (D:5)
  A hound skeleton (D:2)
  2 worker ant zombies
  7 gnolls
  6 adders
  A howler monkey skeleton (D:4)
  A shadow imp (D:5)
  3 oozes
  3 worms
  5 dart slugs
  7 leopard geckos
  12 orcs
  10 bats
  14 giant cockroaches
  7 goblins
  7 hobgoblins
  9 jackals (D:6)
  5 quokkas
  2 ball pythons
  5 frilled lizards
  7 kobolds
  A leopard gecko skeleton (D:6)
  2 leopard gecko zombies (D:5)
  A quokka skeleton (D:7)
  3 quokka zombies
  10 rats
175 creatures vanquished.

Vanquished Creatures (others)
  A spectral weapon (D:7)
1 creature vanquished.

Grand Total: 176 creatures vanquished

Notes
Turn   | Place    | Note
-------+----------+-------------------------------------------
     0 | D:1      | gruber the Gnoll Skald began the quest for the Orb.
     0 | D:1      | Reached XP level 1. HP: 20/20 MP: 6/6
   129 | D:1      | Reached XP level 2. HP: 21/26 MP: 3/7
   135 | D:1      | Learned a level 2 spell: Shroud of Golubria
   415 | D:1      | Reached XP level 3. HP: 31/31 MP: 9/9
   420 | D:1      | Learned a level 3 spell: Regeneration
   424 | D:1      | Learned a level 3 spell: Spectral Weapon
   463 | D:1      | Reached skill level 5 in Spellcasting
   708 | D:2      | Reached skill level 1 in Invocations
   834 | D:2      | Reached skill level 1 in Short Blades
   834 | D:2      | Reached skill level 1 in Long Blades
   834 | D:2      | Reached skill level 1 in Axes
   834 | D:2      | Reached skill level 1 in Maces & Flails
   834 | D:2      | Reached skill level 1 in Staves
   834 | D:2      | Reached skill level 1 in Slings
   834 | D:2      | Reached skill level 1 in Bows
   834 | D:2      | Reached skill level 1 in Crossbows
   834 | D:2      | Reached skill level 1 in Throwing
   834 | D:2      | Reached skill level 1 in Stealth
   834 | D:2      | Reached skill level 1 in Shields
   834 | D:2      | Reached skill level 1 in Unarmed Combat
   834 | D:2      | Reached skill level 1 in Evocations
   874 | D:2      | Reached XP level 4. HP: 37/38 MP: 7/11
  1012 | D:2      | Reached skill level 1 in Conjurations
  1012 | D:2      | Reached skill level 1 in Hexes
  1012 | D:2      | Reached skill level 1 in Summonings
  1012 | D:2      | Reached skill level 1 in Necromancy
  1012 | D:2      | Reached skill level 1 in Translocations
  1012 | D:2      | Reached skill level 1 in Transmutations
  1012 | D:2      | Reached skill level 1 in Fire Magic
  1012 | D:2      | Reached skill level 1 in Ice Magic
  1012 | D:2      | Reached skill level 1 in Air Magic
  1012 | D:2      | Reached skill level 1 in Earth Magic
  1012 | D:2      | Reached skill level 1 in Poison Magic
  1519 | D:3      | Noticed Terence
  1533 | D:3      | Killed Terence
  1533 | D:3      | Reached XP level 5. HP: 36/43 MP: 1/12
  2308 | D:4      | Found Paghar's Assorted Antiques.
  2339 | D:4      | Reached XP level 6. HP: 50/50 MP: 10/13
  2419 | D:4      | Reached skill level 5 in Fighting
  2419 | D:4      | Reached skill level 5 in Polearms
  2419 | D:4      | Reached skill level 5 in Dodging
  2588 | D:4      | Found a shimmering altar of Xom.
  2600 | D:4      | Reached XP level 7. HP: 50/56 MP: 11/15
  2677 | D:4      | Found a sparkling altar of Nemelex Xobeh.
  2851 | D:4      | Found a basalt altar of Yredelemnul.
  2927 | D:5      | Entered Level 5 of the Dungeon
  3058 | D:5      | Found a stormy altar of Qazlal.
  3484 | D:5      | Reached XP level 8. HP: 57/63 MP: 1/16
  3543 | D:5      | HP: 3/63 [something (4)]
  3908 | D:5      | Found a radiant altar of Vehumet.
  4529 | D:6      | Found a snail-covered altar of Cheibriados.
  4535 | D:6      | Noticed Grinder
  4536 | D:6      | Paralysed by Grinder for 6 turns
  4549 | D:6      | Killed Grinder
  4549 | D:6      | Reached XP level 9. HP: 63/69 MP: 7/18
  4741 | D:6      | Noticed Sigmund
  5150 | D:6      | Killed Sigmund
  5320 | D:6      | Found a hide-covered altar of Uskayaw.
  5323 | D:6      | Noticed a +0 dagger
  5323 | D:6      | Noticed a +0 hand axe
  5379 | D:6      | Noticed Eustachio
  5528 | D:6      | Killed Eustachio
  5528 | D:6      | Reached skill level 5 in Armour
  5626 | D:7      | Found a staircase to the Ecumenical Temple.
  5644 | Temple   | Entered the Ecumenical Temple
  5825 | Temple   | Became a worshipper of Warmaster Okawaru
  6236 | D:7      | Noticed a gargoyle
  6253 | D:7      | Found a glowing silver altar of Zin.
  6365 | D:7      | Killed from afar by a gargoyle

Vault maps used:
D:1:      elethiomel_arrival_shortcut
D:2:      kennysheep_potato
D:3:      first_ration, hangedman_decor_peaks_small, uniq_terence
D:4:      led_xom_imps, kennysheep_mini_moat, serial_shops,
          nicolae_shop_crystal, nemelex_diamond_rough_becter
D:5:      nicolae_qazlal_general_emergency, vehumet_crystals, minivault_24
D:6:      dancing_weapons_uskayaw, overflow_temple_1_default, enter_ossuary_3,
          uniq_grinder, uniq_eustachio, uniq_sigmund
D:7:      minmay_temple_entry_crystal_x, lemuel_centaur_altar
Temple:   minmay_temple_bridge_abc

Skill      XL: |  1  2  3  4  5  6  7  8  9 |
---------------+----------------------------+-----
Spellcasting   | 5 6 |  6.7
Invocations    | 1 2 3 4 |  4.8
Short Blades   | 1 2 3 4 |  4.3
Long Blades    | 1 2 3 4 |  4.3
Axes           | 1 2 3 4 |  4.3
Maces & Flails | 1 2 3 4 |  4.3
Staves         | 1 2 3 4 |  4.3
Slings         | 1 2 3 4 |  4.3
Bows           | 1 2 3 4 |  4.3
Crossbows      | 1 2 3 4 |  4.3
Throwing       | 1 2 3 4 |  4.3
Stealth        | 1 2 3 4 |  4.3
Shields        | 1 2 3 4 |  4.3
Unarmed Combat | 1 2 3 4 |  4.3
Evocations     | 1 2 3 4 |  4.3
Conjurations   | 1 2 3 |  3.6
Hexes          | 1 2 3 |  3.6
Summonings     | 1 2 3 |  3.6
Necromancy     | 1 2 3 |  3.6
Translocations | 1 2 3 |  3.6
Transmutations | 1 2 3 |  3.6
Fire Magic     | 1 2 3 |  3.6
Ice Magic      | 1 2 3 |  3.6
Air Magic      | 1 2 3 |  3.6
Earth Magic    | 1 2 3 |  3.6
Poison Magic   | 1 2 3 |  3.6
Armour         | 3 4 5 |  5.1
Fighting       | 5 6 |  6.4
Polearms       | 5 6 |  6.4
Dodging        | 5 6 |  6.4
Charms         | 6 |  6.6

Action                   |  1- 3 |  4- 6 |  7- 9 || total
-------------------------+-------+-------+-------++-------
Melee: Spear             |   101 |   162 |   160 ||   423
       Bite              |     8 |     7 |    36 ||    51
       Punch             |       |     3 |    11 ||    14
       Trident           |       |       |   224 ||   224
Throw: Tomahawk          |       |       |     1 ||     1
 Cast: Infusion          |     5 |     1 |     8 ||    14
       Spectral Weapon   |     2 |    22 |    41 ||    65
       Regeneration      |       |     2 |     8 ||    10
       Shroud of Golubri |       |     1 |     8 ||     9
  Use: Potion            |       |       |     2 ||     2
       Scroll            |       |       |     3 ||     3
 Stab: Sleeping          |     2 |     6 |     6 ||    14
       Distracted        |       |     1 |     3 ||     4
  Eat: Chunk             |       |     7 |    11 ||    18
       Ration            |       |       |     1 ||     1
Armor: Leather armour    |    16 |    18 |    26 ||    60
       Robe              |       |       |    42 ||    42
Dodge: Dodged            |    49 |    58 |   237 ||   344

Table legend:
 A = Non-vault XP
 B = Vault XP
 C = Vault XP percentage of total XP
 D = Non-vault monster count
 E = Vault monster count
 F = Vault count percentage of total count
                 A         B        C        D         E       F
            +---------+---------+-------+---------+---------+-------
      Total |    2906 |     901 |  23.7 |     166 |       9 |   5.1
            +---------+---------+-------+---------+---------+-------
        D:1 |      43 |       0 |   0.0 |      21 |       0 |   0.0
        D:2 |     106 |       3 |   2.8 |      33 |       1 |   2.9
        D:3 |      85 |      36 |  29.8 |      21 |       1 |   4.5
        D:4 |     351 |     192 |  35.4 |      15 |       4 |  21.1
        D:5 |     960 |       0 |   0.0 |      31 |       0 |   0.0
        D:6 |    1017 |     670 |  39.7 |      38 |       3 |   7.3
        D:7 |     344 |       0 |   0.0 |       7 |       0 |   0.0
            +---------+---------+-------+---------+---------+-------
